 Dungeon Crawl Stone Soup version 0.30-b1-2-g02819fbbbe (webtiles) character file.

Game seed: 17429199626741644270

48 doot the Cudgeller (level 3, -6/40 (46) HPs)
             Began as a Gnoll Reaver on Aug 24, 2023.
             Mangled by a gnoll
             ... wielding a +0 spear
              (8 damage)
             ... on level 2 of the Dungeon.
             The game lasted 00:03:00 (1155 turns).

doot the Cudgeller (Gnoll Reaver)                   Turns: 1155, Time: 00:03:03

HP:   -6/40 (46)    AC:  4    Str: 15    XL:     3   Next: 72%
MP:   9/9           EV: 12    Int: 14    God:
Gold: 44            SH:  0    Dex: 10    Spells: 11/12 levels left

rFire   . . .        l - +8 whip "Peoram" {heavy, Str+2 Int+2}
rCold   . . .        (no shield)
rNeg    . . .        b - +0 leather armour
rPois   .            (no helmet)
rElec   .            k - +0 cloak
rCorr   .            (no gloves)
SInv    .            (no boots)
Will    +....        (no amulet) Stlth
                     (no ring)
HPRegen 0.26/turn    (no ring)
MPRegen 0.11/turn

%: no passive effects
@: berserking, heavily drained, very quick
A: fangs 1, strong nose, distributed training, strong-willed 1
a: no special abilities


You were on level 2 of the Dungeon.
You visited 1 branch of the dungeon, and saw 2 of its levels.

You collected 44 gold pieces.

Inventory:

Hand Weapons
 a - a +0 mace
 l - the +8 whip "Peoram" (weapon) {heavy, Str+2 Int+2}
   (You found it on level 2 of the Dungeon)

   Str:       It affects your strength (+2).
   Int:       It affects your intelligence (+2).
Armour
 b - a +0 leather armour (worn)
 k - a +0 cloak (worn)
Scrolls
 c - a scroll of summoning {unknown}
 e - a scroll of teleportation {unknown}
 f - a scroll of enchant armour {unknown}
 h - a scroll of vulnerability {unknown}
 i - 2 scrolls of identify {unknown}
Potions
 d - a potion of mutation
 j - a potion of haste {unknown}


   Skills:
 + Level 4.6 Fighting
 + Level 1.0 Short Blades
 + Level 1.0 Long Blades
 + Level 1.0 Axes
 + Level 6.5 Maces & Flails
 + Level 1.0 Polearms
 + Level 1.0 Staves
 + Level 1.0 Ranged Weapons
 + Level 1.0 Throwing
 + Level 1.0 Armour
 + Level 4.6 Dodging
 + Level 1.0 Stealth
 + Level 1.0 Shields
 + Level 1.0 Unarmed Combat
 + Level 5.0 Spellcasting
 + Level 5.4 Conjurations
 + Level 0.7 Hexes
 + Level 0.7 Summonings
 + Level 0.7 Necromancy
 + Level 0.7 Translocations
 + Level 0.7 Transmutations
 + Level 0.7 Fire Magic
 + Level 0.7 Ice Magic
 + Level 0.7 Air Magic
 + Level 0.7 Earth Magic
 + Level 0.7 Poison Magic
 + Level 1.0 Invocations
 + Level 1.0 Evocations


You had 11 spell levels left.
You knew the following spells:

 Your Spells              Type           Power      Damage    Failure   Level
a - Kiss of Death         Conj/Necr      48%        2d9       6%          1

Your spell library contained the following spells:

 Spells                   Type           Power      Damage    Failure   Level
 Momentum Strike          Conj/Tloc      24%        3d8       9%          2
 Hailstorm                Conj/Ice       12%        3d5       19%         3
 Vhi's Electric Charge    Tloc/Air       10%        N/A       43%         3
 Arcjolt                  Conj/Air       6%         1d16      86%         5
 Maxwell's Capacitive Co  Air            2%         ∞         100%        8


Dungeon Overview and Level Annotations

Branches:
Dungeon (2/15)

Altars:


Innate Abilities, Weirdness & Mutations

You have very sharp teeth.
Your uncanny sense of smell can sniff out nearby items.
Your experience applies equally to all skills.
You are strong-willed. (Will+)


Message History

Found a stone staircase leading down.
The gnoll closely misses you.
You see here 9 gold pieces.
The gnoll hits you but does no damage. The gnoll attacks as you move away!
The gnoll barely misses you.
The kobold throws a stone.
The stone hits you but does no damage. The gnoll attacks as you move away!
The gnoll closely misses you.
There is an open door here.
The gnoll attacks as you move away! The gnoll misses you.
You see here the +8 whip "Peoram" {heavy, Str+2 Int+2}.
l - the +8 whip "Peoram" {heavy, Str+2 Int+2} The gnoll misses you.
The gnoll hits you from afar with a +0 spear.
The gnoll attacks as you move away! The gnoll hits you with a +0 whip.
The gnoll barely misses you.
The gnoll hits you from afar with a +0 spear.
The gnoll attacks as you move away! The gnoll barely misses you.
You feel stronger.
You feel clever.
l - the +8 whip "Peoram" (weapon)
{heavy, Str+2 Int+2} The gnoll hits you from afar with a +0 spear.
Okay, then.
You hit the gnoll but do no damage. Your punch misses the gnoll.
The gnoll barely misses you. x2
You whack the gnoll!
The gnoll is heavily wounded.
The gnoll barely misses you.
The gnoll hits you from afar with a +0 spear.
* * * LOW HITPOINT WARNING * * *
The gnoll attacks as you move away! The gnoll hits you with a +0 whip.
* * * LOW HITPOINT WARNING * * *
The gnoll attacks as you move away! The gnoll barely misses you.
It was a potion of mutation.
You feel extremely strange.
You feel strong-willed. The gnoll closely misses you.
The gnoll barely misses you.
It was a potion of berserk rage.
A red film seems to cover your vision as you go berserk!
You feel yourself moving faster!
You feel mighty! The gnoll hits you with a +0 whip.
* * * LOW HITPOINT WARNING * * *
The gnoll hits you from afar with a +0 spear!
You die...

...# ∆ #######'##
##.# #........# ##.#
###........# ##)#
+.#........# ##.# ∆
#.####...### .#.# #+#
#.##...### ...#
#.#.#. #.##.###
##.######.#.#)##.ggg#
##......#.#.#.#†@####
##...##.#.#.#.#..#
####.##.#.#.#....####
# #.##.#†#.#.......#
# #..#.#.#.#....##.#
# ##...#.#.##..## #
#######.........#
#..(........#.### ∆
#.#######...#.#


You could see 3 gnolls.

Vanquished Creatures
  A worm (D:2)
  3 ball pythons
  4 endoplasms (D:1)
  4 giant cockroaches
  5 goblins (D:2)
  4 hobgoblins (D:1)
  4 jackals (D:1)
  3 kobolds (D:1)
  2 quokkas
  3 bats (D:1)
  2 frilled lizards (D:1)
  2 rats
37 creatures vanquished.

Notes
Turn   | Place    | Note
-------+----------+-------------------------------------------
     0 | D:1      | doot the Gnoll Reaver began the quest for the Orb.
     0 | D:1      | Reached XP level 1. HP: 20/20 MP: 6/6
    88 | D:1      | Reached XP level 2. HP: 16/26 MP: 7/7
   263 | D:1      | Reached skill level 5 in Spellcasting
   263 | D:1      | Reached XP level 3. HP: 26/31 MP: 7/9
   807 | D:2      | Reached skill level 1 in Invocations
  1032 | D:2      | Reached skill level 1 in Short Blades
  1032 | D:2      | Reached skill level 1 in Long Blades
  1032 | D:2      | Reached skill level 1 in Axes
  1032 | D:2      | Reached skill level 1 in Polearms
  1032 | D:2      | Reached skill level 1 in Staves
  1032 | D:2      | Reached skill level 1 in Ranged Weapons
  1032 | D:2      | Reached skill level 1 in Throwing
  1032 | D:2      | Reached skill level 1 in Armour
  1032 | D:2      | Reached skill level 1 in Stealth
  1032 | D:2      | Reached skill level 1 in Shields
  1032 | D:2      | Reached skill level 1 in Unarmed Combat
  1032 | D:2      | Reached skill level 1 in Evocations
  1120 | D:2      | Identified the +8 whip "Peoram" {heavy, Str+2 Int+2}
  1154 | D:2      | Gained mutation: You are strong-willed. (Will+) [potion of
                  | mutation]
  1155 | D:2      | HP: 2/40 [gnoll/+0 whip (5)]
  1155 | D:2      | Mangled by a gnoll

Illustrated notes

Levels and vault maps discovered:
D:1:      reono_arrival_mine, layout_loops_ring, chequers_serial_rivers_micro_c,
          minivault_25
D:2:      layout_basic

Skill      XL: |  1  2  3 |
---------------+----------+-----
Spellcasting   | 5 |  5.0
Invocations    | 1 |  1.0
Short Blades   | 1 |  1.0
Long Blades    | 1 |  1.0
Axes           | 1 |  1.0
Polearms       | 1 |  1.0
Staves         | 1 |  1.0
Ranged Weapons | 1 |  1.0
Throwing       | 1 |  1.0
Armour         | 1 |  1.0
Stealth        | 1 |  1.0
Shields        | 1 |  1.0
Unarmed Combat | 1 |  1.0
Evocations     | 1 |  1.0
Fighting       | |  4.6
Maces & Flails | |  6.5
Dodging        | |  4.6
Conjurations   | |  5.4
Hexes          | |  0.7
Summonings     | |  0.7
Necromancy     | |  0.7
Translocations | |  0.7
Transmutations | |  0.7
Fire Magic     | |  0.7
Ice Magic      | |  0.7
Air Magic      | |  0.7
Earth Magic    | |  0.7
Poison Magic   | |  0.7

Action                     || total
---------------------------++-------
  Melee: Mace              ||   105
         Bite              ||     8
         Whip              ||     2
         Punch             ||     1
   Cast: Kiss of Death     ||     1
    Use: Potion            ||     2
 Armour: Leather armour    ||    31
  Dodge: Dodged            ||    99
